 Dungeon Crawl Stone Soup version 0.30.1-11-g7821555f0a (webtiles) character file.

Game seed: 14331350324055590938

366 Janerl the Poker (level 6, -3/56 HPs)
             Began as a Minotaur Berserker on Jan 6, 2024.
             Was a Believer of Trog.
             Slain by a steam dragon (6 damage)
             ... on level 4 of the Dungeon.
             The game lasted 00:06:50 (2519 turns).

Janerl the Poker (Minotaur Berserker)               Turns: 2519, Time: 00:06:52

Health: -3/56      AC:  5    Str: 26 (27) XL:     6   Next: 40%
Magic:  5/5        EV: 11    Int:  6      God:    Trog [**....]
Gold:   167        SH:  0    Dex: 10      Spells: 5/5 levels left

rFire   . . .        u - +2 short sword (venom)
rCold   . . .        f - orb {*Rage}
rNeg    . . .        h - +0 ring mail
rPois   .            (helmet restricted)
rElec   .            (no cloak)
rCorr   .            (no gloves)
SInv    .            (no boots)
Will    .....        (no amulet)
Stlth   +            g - +6 ring of strength
HPRegen 0.29/turn    (no ring)
MPRegen 0.09/turn

%: random rage (20%)
@: no status effects
A: horns 2, retaliatory headbutt
a: Renounce Religion, Berserk, Trog's Hand


You were on level 4 of the Dungeon.
You worshipped Trog.
Trog was pleased with you.
You visited 1 branch of the dungeon, and saw 4 of its levels.

You collected 167 gold pieces.

Inventory:

Hand Weapons
 a - a +0 spear
 c - a +2 dagger of venom
 e - a +0 dagger of speed
 u - a +2 short sword of venom (weapon)
 v - a +1 scimitar
Armour
 b - a +0 animal skin
 f - an orb of wrath (worn)
 h - a +0 ring mail (worn)
Jewellery
 g - a +6 ring of strength (left hand)
 m - a ring of magical power
Scrolls
 d - 3 scrolls of teleportation {unknown}
 i - a scroll of blinking {unknown}
 k - a scroll of amnesia {unknown}
 l - 3 scrolls of fog {unknown}
 n - 6 scrolls of identify {unknown}
 o - a scroll of enchant weapon {unknown}
 p - a scroll of poison {unknown}
 q - a scroll of noise {unknown}
 r - a scroll of immolation {unknown}
Potions
 j - 3 potions of mutation {unknown}
 s - a potion of curing {unknown}
 t - a potion of attraction {unknown}


   Skills:
 + Level 5.5 Fighting
 + Level 0.5 Short Blades
 + Level 6.1 Polearms
 + Level 4.1 Armour
 + Level 3.2 Dodging
 + Level 0.3 Stealth


You had 5 spell levels left.
You didn't know any spells.
Your spell library was empty.

Dungeon Overview and Level Annotations

Branches:
Dungeon (4/15)
 Temple: D:4-7

Altars:
Sif Muna

Shops:
D:1 *


Innate Abilities, Weirdness & Mutations

You have a pair of horns on your head.
You reflexively headbutt those who attack you in melee.


Message History

The goblin shouts!
You hit the orc priest but do no damage.
Your headbutt misses the orc priest.
The orc priest is almost dead.
You kill the orc priest!
Trog accepts your kill. The steam dragon bites you!
The steam dragon misses you.
The goblin is engulfed in a cloud of scalding steam.
The goblin dies!
You hit the steam dragon but do no damage.
The steam dragon is poisoned.
A sleepcap comes into view.
The steam dragon bites you. The steam dragon barely misses you.
You barely miss the steam dragon.
The steam dragon is lightly wounded.
The steam dragon bites you. The steam dragon barely misses you.
You hit the steam dragon but do no damage.
The steam dragon looks as sick as possible!
The steam dragon is lightly wounded.
The steam dragon barely misses you. The steam dragon claws you.
* * * LOW HITPOINT WARNING * * *
You hit the steam dragon.
The steam dragon is moderately wounded.
The steam dragon bites you.
* * * LOW HITPOINT WARNING * * *
The steam dragon claws you but does no damage.
A dart slug comes into view.
You hit the steam dragon.
The steam dragon looks as sick as possible!
The steam dragon is heavily wounded.
The steam dragon breathes steam at you. The ball of steam misses you.
You hit the steam dragon but do no damage.
The steam dragon looks as sick as possible!
You headbutt the steam dragon!
The steam dragon is severely wounded.
You are engulfed in a cloud of scalding steam.
* * * LOW HITPOINT WARNING * * *
The steam dragon bites you.
You die...

...w ..#..
...).# ......
..)#.. ##
......# #.# #
....#fD#)#
#(#
....§#.@##..#
.......§§§#
..#...#§###
.....###.#
####[....#
#####.#
#.####### #.#
#....[[.# #.#
#######)# #.#
#.#####


You could see a steam dragon (extremely poisoned, catching breath), a sleepcap
and a dart slug.

Vanquished Creatures
  3 wights (D:4)
  2 orc priests
  Terence (D:2)
  An orc wizard (D:3)
  5 adders
  A dart slug (D:2)
  2 orcs (D:3)
  5 bats
  8 endoplasms
  5 giant cockroaches
  5 goblins
  4 hobgoblins
  4 kobolds
  2 quokkas
  4 ball pythons
  3 frilled lizards
  3 rats
58 creatures vanquished.

Vanquished Creatures (others)
  2 goblins (D:4)
2 creatures vanquished.

Grand Total: 60 creatures vanquished

Notes
Turn   | Place    | Note
-------+----------+-------------------------------------------
     0 | D:1      | Janerl the Minotaur Berserker began the quest for the Orb.
     0 | D:1      | Reached XP level 1. HP: 19/19 MP: 0/0
   117 | D:1      | Reached XP level 2. HP: 22/27 MP: 1/1
   278 | D:1      | Reached skill level 4 in Polearms
   374 | D:1      | Found Rov Boip's General Store.
   482 | D:1      | Found a faded altar of an unknown god.
   891 | D:2      | Reached XP level 3. HP: 32/33 MP: 2/2
   956 | D:2      | Reached ** piety under Trog
  1595 | D:2      | Noticed Terence
  1598 | D:2      | Killed Terence
  1599 | D:2      | Reached XP level 4. HP: 41/41 MP: 3/3
  1753 | D:3      | Found a shimmering blue altar of Sif Muna.
  1764 | D:3      | Reached skill level 5 in Fighting
  1816 | D:3      | HP: 2/42 [poisoned by an adder]
  1819 | D:3      | Reached skill level 5 in Polearms
  1819 | D:3      | Reached XP level 5. HP: 2/48 MP: 4/4
  1822 | D:3      | HP: 1/72 [poisoned by an adder]
  2396 | D:4      | Reached XP level 6. HP: 43/56 MP: 5/5
  2399 | D:4      | Reached skill level 6 in Polearms
  2507 | D:4      | Noticed a steam dragon
  2519 | D:4      | Slain by a steam dragon

Illustrated notes

Levels and vault maps discovered:
D:1:      nzn_arrival_depleted_hourglass, layout_basic,
          ebering_ecumenical_altar_petrified, serial_shops, shop,
          minmay_split_cup_large
D:2:      layout_loops_ring, minmay_misc_feat_columns, kennysheep_path_1,
          roderic_lattice_a, uniq_terence
D:3:      layout_rooms, nicolae_sif_muna_condensation
D:4:      layout_loops_ring, corexii_checkpoint_a, minmay_increasing_density,
          uniq_edmund

Skill      XL: |  1  2  3  4  5  6 |
---------------+-------------------+-----
Fighting       | 4 5 |  5.5
Polearms       | 4 5 6 |  6.1
Armour         | 3 4 |  4.1
Dodging        | 3 |  3.2
Short Blades   | |  0.5
Stealth        | |  0.3

Action                     |  1- 3 |  4- 6 || total
---------------------------+-------+-------++-------
  Melee: Spear             |    71 |    14 ||    85
         Headbutt          |     8 |     9 ||    17
         Dagger            |       |    27 ||    27
         Short sword       |       |    10 ||    10
 Invoke: Berserk           |     1 |       ||     1
    Use: Potion            |       |     2 ||     2
 Armour: Animal skin       |     4 |       ||     4
         Ring mail         |    17 |    12 ||    29
  Dodge: Dodged            |    34 |    26 ||    60
